 Dungeon Crawl Stone Soup version 0.29-a0-40-g8eb35efe60 (webtiles) character file.

Game seed: 15202500920922835301

40 crazypyro the Magician (level 3, -6/24 HPs)
             Began as a Demonspawn Hedge Wizard on Feb 1, 2022.
             Killed by nerve-wracking pain
             ... invoked by Jessica
              (13 damage)
             ... on level 2 of the Dungeon.
             The game lasted 00:02:32 (1644 turns).

crazypyro the Magician (Demonspawn Hedge Wizard)    Turns: 1644, Time: 00:02:33

Health: -6/24      AC:  3    Str: 10    XL:     3   Next: 30%
Magic:  0/7        EV: 12    Int: 17    God:
Gold:   62         SH:  0    Dex: 12    Spells: 7/8 levels left

rFire   . . .      SeeInvis .   i - +2 dagger (venom)
rCold   . . .      Faith    .   (no shield)
rNeg    . . .      Spirit   .   b - +0 robe
rPois   .          Reflect  .   c - +0 hat
rElec   .          Harm     .   (no cloak)
rCorr   .          Rampage  .   h - +0 pair of gloves
Will    .....                   (no boots)
Stlth   ++........              (no amulet)
HPRegen 0.08/turn               (no ring)
MPRegen 0.10/turn               (no ring)

@: very slightly contaminated
A: horns 1, powered by death 1
a: no special abilities


You were on level 2 of the Dungeon.
You visited 1 branch of the dungeon, and saw 2 of its levels.

You collected 62 gold pieces.

Inventory:

Hand Weapons
 a - a +0 dagger
 e - a +0 whip
 i - a +2 dagger of venom (weapon)
Armour
 b - a +0 robe (worn)
 c - a +0 hat (worn)
 h - a +0 pair of gloves (worn)
Wands
 d - a wand of flame (21)
Scrolls
 f - a scroll of teleportation
 k - a scroll of enchant armour {unknown}
Potions
 g - a potion of brilliance
 j - a potion of curing {unknown}


   Skills:
 - Level 1.7 Dodging
 - Level 2.0 Stealth
 + Level 3.3 Spellcasting
 * Level 2.4 Conjurations
 - Level 1.1 Summonings
 - Level 1.0 Translocations


You had 7 spell levels left.
You knew the following spells:

 Your Spells              Type           Power      Damage    Failure   Level
a - Magic Dart            Conj           44%        1d5       6%          1

Your spell library contained the following spells:

 Spells                   Type           Power      Damage    Failure   Level
 Call Imp                 Summ           6%         N/A       16%         2
 Slow                     Hex            8%         N/A       17%         1
 Blink                    Tloc           12%        N/A       17%         2
 Conjure Flame            Conj/Fire      7%         6-21      30%         3
 Mephitic Cloud           Conj/Pois/Air  5%         N/A       36%         3


Dungeon Overview and Level Annotations

Branches:
Dungeon (2/15)

Altars:

Annotations:
D:2 Jessica


Innate Abilities, Weirdness & Mutations

You have a pair of small horns on your head.
You regenerate a little health from kills.


Message History

Confirm with . or Enter, or press ? or * to list all spells.
Aiming: Magic Dart (safe; 6% risk of failure)
Press: ? - help, Shift-Dir - straight line, f/p - Jessica
Aim: Jessica, wielding a +0 dagger and wearing a +2 robe (100% to hit)
The magic dart hits Jessica.
Jessica is lightly wounded.
Casting: Magic Dart (safe; 6% risk of failure)
Confirm with . or Enter, or press ? or * to list all spells.
Aiming: Magic Dart (safe; 6% risk of failure)
Press: ? - help, Shift-Dir - straight line, f/p - Jessica
Aim: Jessica, wielding a +0 dagger and wearing a +2 robe (lightly wounded, 100% to hit)
The magic dart hits Jessica.
Jessica is severely wounded.
Casting: Magic Dart (safe; 6% risk of failure)
Confirm with . or Enter, or press ? or * to list all spells.
Aiming: Magic Dart (safe; 6% risk of failure)
Press: ? - help, Shift-Dir - straight line, f/p - Jessica
Aim: Jessica, wielding a +0 dagger and wearing a +2 robe (severely wounded, 100% to hit)
The magic dart hits Jessica but does no damage.
Jessica is severely wounded.
Casting: Magic Dart (safe; 6% risk of failure)
Confirm with . or Enter, or press ? or * to list all spells.
Aiming: Magic Dart (safe; 6% risk of failure)
Press: ? - help, Shift-Dir - straight line, f/p - Jessica
Aim: Jessica, wielding a +0 dagger and wearing a +2 robe (severely wounded, 100% to hit)
You miscast Magic Dart.
You are very lightly contaminated with residual magic.
Nothing appears to happen.
Unknown command.
Casting: Magic Dart (safe; 6% risk of failure)
Confirm with . or Enter, or press ? or * to list all spells.
Aiming: Magic Dart (safe; 6% risk of failure)
Press: ? - help, Shift-Dir - straight line, f/p - Jessica
Aim: Jessica, wielding a +0 dagger and wearing a +2 robe (severely wounded, 100% to hit)
The magic dart hits Jessica but does no damage.
Jessica is severely wounded.
Jessica gestures at you while chanting. Pain shoots through your body!
Ouch! That really hurt!
You die...

###.#.######.#.#.#
#..........#.#.#.#
#....###.###.#.#[#
#............#.#.#
########.......#.#
#...#....#.#
#<#.#.##.#.#
..#########....#.#.#
.......†@.@....#.#.#
#.############.#.#.#
#(......#.#.#
..#######.#.########
#.#........#
#.########.# #.# #.#
#.# #.# #.# #.#


You could see Jessica.

Vanquished Creatures
  2 adders (D:2)
  2 bats
  2 endoplasms (D:2)
  2 giant cockroaches
  2 goblins (D:2)
  3 jackals (D:2)
  3 kobolds
  A ball python (D:2)
  2 frilled lizards (D:1)
  A rat (D:1)
20 creatures vanquished.

Notes
Turn   | Place    | Note
-------+----------+-------------------------------------------
     0 | D:1      | crazypyro the Demonspawn Hedge Wizard began the quest for
                  | the Orb.
     0 | D:1      | Reached XP level 1. HP: 13/13 MP: 4/4
   151 | D:1      | Reached skill level 1 in Translocations
   346 | D:1      | Found a faded altar of an unknown god.
   971 | D:2      | Gained mutation: You have a pair of small horns on your
                  | head. [demonic ancestry]
   971 | D:2      | Reached XP level 2. HP: 19/19 MP: 0/6
  1442 | D:2      | Gained mutation: You regenerate a little health from kills.
                  | [demonic ancestry]
  1442 | D:2      | Reached XP level 3. HP: 24/24 MP: 0/7
  1621 | D:2      | Noticed Jessica
  1644 | D:2      | Killed from afar by Jessica

Illustrated notes

Levels and vault maps discovered:
D:1:      psy_arrival_statuary, layout_loops_ring,
          ebering_ecumenical_altar_ruins
D:2:      layout_basic, basic_altar, uniq_jessica

Skill      XL: |  1  2 |
---------------+-------+-----
Translocations | 1 |  1.0
Stealth        | 2 |  2.0
Conjurations   | 2 |  2.4
Dodging        | |  1.7
Spellcasting   | |  3.3
Summonings     | |  1.1

Action                   || total
-------------------------++-------
Melee: Whip              ||     4
       Dagger            ||     8
       Headbutt          ||     1
 Cast: Magic Dart        ||    51
  Use: Scroll            ||     2
Armor: Robe              ||     3
Dodge: Dodged            ||     6

Table legend: (Time is in decaauts)
 A = Elapsed time spent in this place.
 B = Non-inter-level travel time spent in this place.
 C = Inter-level travel time spent in this place.
 D = Time resting spent in this place.
 E = Time spent auto-exploring this place.
 F = Levels seen in this place.
 G = Mean time per level.
                   A        B        C        D        E       F      G
               +--------+--------+--------+--------+--------+-----+--------+
         Total |   1643 |   1544 |     99 |      0 |   1395 |   2 |  821.5 |
       Dungeon |   1643 |   1544 |     99 |      0 |   1395 |   2 |  821.5 |
               +--------+--------+--------+--------+--------+-----+--------+

Top non-repeatable levels by time:
     D:1: 953 daAuts
     D:2: 689 daAuts
